 Dungeon Crawl Stone Soup version 0.15.2 (webtiles) character file.

125 Gartch the Chiller (level 5, -2/35 HPs)
             Began as a Merfolk Ice Elementalist on Jan 11, 2015.
             Slain by axujen's ghost (5 damage)
             ... on Level 3 of the Dungeon on Jan 13, 2015.
             The game lasted 01:05:05 (3900 turns).

Gartch the Chiller (Merfolk Ice Elementalist)       Turns: 3900, Time: 01:05:05

HP  -2/35        AC  4     Str  9      XL: 5   Next:  9%
MP   9/9         EV 11     Int 19      God:
Gold 169         SH  0     Dex 15      Spells:  1 memorised,  7 levels left

rFire  . . .     SeeInvis .     r - +0 hunting sling
rCold  . . .     Clarity  .     t - +0 leather armour
rNeg   . . .     rCorr    +     (no shield)
rPois  .         rRot     .     (no helmet)
rElec  .         Spirit   .     (no cloak)
SustAb .         Warding  .     v - +0 pair of gloves
rMut   .         Stasis   .     (no boots)
Gourm  .                        i - amulet of resist corrosion
MR     .....                    (no ring)
                                (no ring)

@: brilliant, not resistant to hostile enchantments, unstealthy
A: change form in water, swift swim
a: no special abilities


You were on level 3 of the Dungeon.
You were not hungry.

You visited 1 branch of the dungeon, and saw 4 of its levels.

You collected 169 gold pieces.

Inventory:

Hand weapons
 e - a +0 dagger
 r - a +0 hunting sling (weapon)
 s - a +0 short sword
Missiles
 p - 28 stones
 q - 16 sling bullets (quivered)
Armour
 t - a +0 leather armour (worn)
 v - a +0 pair of gloves (worn)
Comestibles
 c - 3 bread rations
 n - a meat ration
 o - 5 fruits
Scrolls
 g - 2 scrolls of enchant armour {unknown}
 h - a scroll of teleportation {unknown}
 j - a scroll of random uselessness {unknown}
 l - 2 scrolls of identify {unknown}
 u - 2 scrolls of blinking {unknown}
Jewellery
 i - an amulet of resist corrosion (around neck)
Books
 b - a book of Frost

   Spells                             Type                      Level
   *Freeze                            Ice                          1
   Throw Frost                        Conjuration/Ice              2
   Ozocubu's Armour                   Charms/Ice                   3
   Throw Icicle                       Conjuration/Ice              4
   Summon Ice Beast                   Ice/Summoning                4
   Condensation Shield                Ice                          4


   Skills:
 * Level 0.2 Fighting
 - Level 3.0 Dodging
 - Level 2.1 Stealth
 - Level 2.0 Spellcasting
   Level 0.7 Conjurations
 - Level 6.0 Ice Magic


You had 7 spell levels left.
You knew the following spells:

 Your Spells              Type           Power        Failure   Level  Hunger
a - Freeze                Ice            ####         1%          1    #......


Dungeon Overview and Level Annotations

Branches:
Dungeon (4/15)
 Temple: D:4-7

Altars:

Annotations:
D:3 axujen's ghost, average HEWr


Message History

You feel sick.
There is a stone staircase leading up here.
You climb upwards.
Level annotation: axujen's ghost, average HEWr Axujen's ghost hits you.
* * * LOW HITPOINT WARNING * * *
x2
There is a stone staircase leading down here.
Magic courses through your body.
It was a potion of magic.
Axujen's ghost screams, "Don't try to defend!
You have no chance!"
Axujen's ghost hits you but does no damage.
You feel clever all of a sudden.
It was a potion of brilliance.
You feel sick.
You are no longer poisoned.
Axujen's ghost hits you.
* * * LOW HITPOINT WARNING * * *
x2 Unknown command.
As you read the scroll labeled RICATE LITUU, it crumbles to dust.
You feel blessed for a moment.
It was a scroll of remove curse.
Axujen's ghost hits you.
You die...

...r.###.##.#
#.....# #.#.
..........#.#
#.###.###.#.
#...(.#.#.#
#.#.....#.#.
#..[..#...#
#.#.#.#.#%#.
#....W##..#
#.#.#.#.#[#.
#.....'...#
#.#.#.#.#.##
#.....###.#
#.#%.<..#.#
#.....# #W#
#.#######.#
#.....# #@#
#.........#
#.....# ###
###########
###'### #. ..


You could see axujen's ghost.

Vanquished Creatures
  4 adders
  5 worms (D:2)
  2 oozes
  5 orcs
  8 bats
  3 giant cockroaches
  6 goblins
  2 hobgoblins
  3 quokkas
  A ball python (D:3)
  A giant gecko (D:4)
  4 giant newts
  3 jackals (D:3)
  7 kobolds
  5 rats
59 creatures vanquished.

Notes
Turn   | Place    | Note
--------------------------------------------------------------
     0 | D:1      | Gartch, the Merfolk Ice Elementalist, began the quest for the Orb.
     0 | D:1      | Reached XP level 1. HP: 13/13 MP: 3/3
   474 | D:1      | Reached XP level 2. HP: 19/19 MP: 0/4
   772 | D:1      | Reached skill level 4 in Ice Magic
  1354 | D:2      | Reached XP level 3. HP: 12/24 MP: 0/6
  2001 | D:2      | Reached skill level 5 in Ice Magic
  2081 | D:2      | Reached XP level 4. HP: 25/30 MP: 4/7
  2679 | D:3      | Noticed axujen's ghost (average HEWr)
  2700 | D:3      | HP: 1/30 [axujen's ghost (3)]
  3770 | D:3      | Reached skill level 6 in Ice Magic
  3770 | D:3      | Reached XP level 5. HP: 35/35 MP: 6/9
  3900 | D:3      | Slain by axujen's ghost

Action                   |  1- 3 |  4- 6 || total
-------------------------+-------+-------++-------
Melee: Unarmed           |     3 |       ||     3
       Dagger            |     9 |     3 ||    12
       Short sword       |       |     2 ||     2
 Fire: Hunting sling     |       |    30 ||    30
Throw: Stone             |       |    14 ||    14
 Cast: Freeze            |    67 |    45 ||   112
  Use: Potion            |       |     2 ||     2
       Scroll            |       |     1 ||     1
  Eat: Meat ration       |     1 |       ||     1
       Chunk             |       |     5 ||     5
       Beef jerky        |       |     1 ||     1
